Map: Year Zero LE

Players

PtitDrogo - Winner!

  • Race: Protoss Protoss
  • League: Grandmaster
  • Spawn Location: 11:00

Lambo

  • Race: Zerg Zerg
  • League: Master
  • Spawn Location: 1:00

Event: 2019 WCS Winter Europe

VOD

Have the link to the VOD?

Description

Time

  • Played on: March 23, 2019, 10:19 a.m.
  • Length: 9:14

All games in this series

Show
View Real Time Build Order
Export as new Build Order

PtitDrogo Protoss - Winner!

Build Orders: 1 Gate Expand, Oracle Opening, Zealot Archon 

Get SALT Encoding   

  12  0:00  Probe  
  13  0:13  Probe  
  14  0:20  Pylon  
  14  0:25  Probe  
  15  0:29  Assimilator  
  15  0:35  Probe  
  16  0:43  Probe  
  16  0:45  Gateway  
  17  0:52  Probe  
  18  1:04  Probe  
  19  1:16  Probe  
  20  1:25  Nexus  
  20  1:35  Cybernetics Core  
  20  1:38  Probe  
  21  1:43  Assimilator  
  21  1:50  Probe  
  21  1:53  Pylon  
  22  2:02  Probe, Adept  
  23  2:14  Probe  
  26  2:17  Stargate  
  26  2:20  Warp Gate  
  26  2:22  Stalker  
  26  2:26  Probe  
  27  2:34  Probe  
  29  2:39  Probe  
  29  2:42  Probe  
  31  2:51  Probe  
  33  2:52  Probe  
  33  2:54  Oracle  
  34  3:03  Probe  
  34  3:04  Probe  
  39  3:11  Pylon  
  39  3:15  Probe  
  39  3:16  Probe  
  41  3:27  Probe  
  41  3:28  Probe  
  41  3:32  Robotics Facility  
  43  3:37  Assimilator  
  43  3:39  Probe, Pylon  
  43  3:40  Assimilator  
  43  3:41  Probe  
  45  3:49  Forge  
  45  3:51  Probe  
  45  3:53  Probe  
  47  3:57  Pylon  
  47  4:01  Protoss Ground Weapons Level 1  
  47  4:03  Probe  
  47  4:05  Probe  
  49  4:10  Zealot, Twilight Council  
  49  4:15  Probe  
  52  4:17  Probe  
  52  4:21  Observer  
  54  4:24  Gateway  
  54  4:29  Probe  
  55  4:31  Probe  
  55  4:38  Gateway  
  56  4:40  Pylon  
  56  4:41  Gateway  
  56  4:47  Stalker  
  58  4:54  Nexus  
  58  4:55  Probe x2  
  60  5:07  Probe  
  60  5:09  Templar Archives  
  60  5:10  Probe  
  62  5:14  Pylon  
  62  5:20  Probe  
  63  5:22  Probe  
  64  5:32  Probe  
  64  5:33  Probe  
  66  5:37  Protoss Ground Weapons Level 2  
  66  5:38  Immortal  
  66  5:41  Probe  
  70  5:44  Probe  
  70  5:45  High Templar x4  
  70  5:49  Probe  
  80  5:50  Gateway x2  
  80  5:51  Pylon  
  80  5:56  Probe  
  82  6:00  Probe  
  82  6:01  Charge  
  83  6:08  Probe x2  
  85  6:12  Probe  
  85  6:13  Psionic Storm  
  85  6:14  Assimilator  
  85  6:16  Assimilator  
  86  6:20  Probe x2, Pylon x2  
  86  6:24  Probe  
  89  6:31  Immortal  
  89  6:32  Probe x2  
  91  6:36  Gateway x2  
  91  6:37  Probe  
  92  6:44  Probe  
  92  6:46  Pylon  
  97  6:47  Pylon  
  97  6:49  Gateway  
  97  6:51  Gateway  
  97  6:53  Gateway  
  97  7:04  Sentry, Pylon  
  97  7:05  High Templar  
  97  7:06  Zealot x2, Pylon  
  97  7:07  Zealot  
  107  7:10  Photon Cannon  
  107  7:14  Photon Cannon  
  107  7:17  Warp Prism  
  109  7:24  High Templar  
  109  7:27  High Templar  
  113  7:31  Archon  
  113  7:35  Pylon  
  113  7:38  Photon Cannon  
  113  7:39  Pylon  
  113  7:40  High Templar  
  113  7:41  High Templar  
  113  7:42  Zealot x4  
  124  7:47  Archon  
  124  7:54  Zealot x3  
  124  7:57  Zealot  
  130  8:03  Nexus  
  130  8:17  High Templar x4  
  130  8:18  Zealot x4  
  130  8:19  Zealot x3  
  152  8:21  Archon x2  
  116  8:44  Archon  
  116  8:46  Zealot x5  
  116  8:47  Zealot  
  121  8:49  Zealot x2  
  121  8:50  Probe  
  124  8:59  Probe  
  124  9:02  Zealot x3  
Show
View Real Time Build Order
Export as new Build Order

Lambo Zerg 

Build Orders: Hatch First 

Get SALT Encoding   

  12  0:01  Drone  
  13  0:13  Overlord  
  13  0:18  Drone  
  14  0:31  Drone x2  
  16  0:50  Hatchery  
  16  0:53  Drone  
  16  0:57  Drone  
  16  1:00  Drone  
  18  1:12  Extractor  
  18  1:16  Spawning Pool  
  16  1:20  Drone  
  16  1:23  Drone  
  18  1:29  Drone  
  19  1:41  Drone  
  20  1:53  Overlord  
  20  2:02  Queen x2  
  20  2:04  Zergling x4  
  26  2:12  Metabolic Boost  
  26  2:13  Drone  
  28  2:15  Drone  
  28  2:25  Drone x2  
  30  2:34  Drone x2  
  32  2:43  Hatchery  
  31  2:46  Drone  
  31  2:50  Overlord  
  32  2:55  Drone  
  32  2:56  Drone  
  34  3:04  Queen  
  36  3:08  Drone  
  36  3:09  Drone  
  38  3:13  Zergling x4  
  38  3:14  Drone  
  38  3:15  Drone  
  42  3:20  Overlord  
  42  3:23  Drone x2  
  43  3:32  Lair  
  43  3:43  Drone x4  
  43  3:46  Queen  
  43  3:48  Drone  
  50  3:53  Drone x2  
  50  3:54  Overlord  
  52  4:02  Drone x2  
  52  4:07  Drone x2  
  52  4:08  Drone  
  53  4:12  Spore Crawler  
  53  4:13  Drone  
  53  4:14  Spore Crawler  
  53  4:16  Extractor, Drone  
  52  4:18  Drone  
  52  4:19  Extractor, Drone  
  54  4:24  Drone x2  
  54  4:31  Hydralisk Den, Drone x2  
  57  4:32  Drone  
  57  4:34  Overlord  
  57  4:36  Drone  
  57  4:38  Drone  
  59  4:41  Drone x2  
  61  4:46  Overseer  
  61  4:47  Overlord  
  61  4:51  Overlord  
  61  4:52  Drone  
  62  4:55  Drone  
  62  4:59  Extractor  
  62  5:02  Overlord  
  62  5:03  Drone x3  
  65  5:07  Muscular Augments  
  65  5:11  Hydralisk x3  
  70  5:18  Drone x5  
  70  5:19  Drone  
  76  5:21  Evolution Chamber  
  76  5:24  Overseer  
  76  5:26  Drone x3  
  78  5:31  Extractor  
  78  5:32  Drone x4  
  81  5:35  Extractor  
  81  5:37  Drone, Baneling Nest  
  81  5:38  Drone  
  81  5:39  Drone  
  81  5:41  Hydralisk  
  84  5:49  Drone  
  85  5:51  Overseer  
  85  5:53  Overlord  
  85  5:54  Hydralisk  
  87  6:03  Hydralisk x4  
  91  6:06  Zerg Missile Weapons Level 1  
  91  6:10  Hatchery  
  94  6:12  Overlord x2  
  94  6:14  Overlord  
  94  6:15  Hydralisk  
  94  6:18  Drone  
  97  6:20  Drone  
  97  6:21  Grooved Spines  
  97  6:23  Hydralisk  
  100  6:26  Centrifical Hooks  
  100  6:37  Drone x11  
  111  6:41  Infestation Pit  
  111  6:43  Pneumatized Carapace  
  111  6:45  Overlord  
  111  6:46  Overlord  
  110  6:52  Drone x4  
  110  6:53  Hydralisk  
  116  6:55  Hydralisk  
  116  7:00  Hydralisk, Zergling x2  
  121  7:04  Hydralisk  
  123  7:09  Hydralisk x3  
  123  7:10  Zergling x2  
  123  7:12  Hydralisk  
  123  7:13  Hydralisk  
  123  7:14  Zergling x2  
  135  7:16  Zergling x4  
  135  7:19  Zergling x6  
  140  7:26  Evolution Chamber, Zergling x2, Hive  
  140  7:27  Zergling x2  
  141  7:33  Extractor, Zergling x6  
  141  7:36  Extractor  
  141  7:37  Hydralisk x2  
  141  7:38  Zergling x2  
  141  7:42  Zergling x10  
  151  7:51  Overlord  
  151  7:52  Overlord  
  151  7:54  Overlord  
  151  7:55  Zergling x2  
  151  7:57  Overlord  
  151  7:58  Overlord  
  151  8:02  Baneling x9  
  151  8:03  Baneling x4  
  151  8:07  Overlord  
  151  8:09  Queen  
  153  8:13  Overlord  
  153  8:15  Zergling x20  
  153  8:17  Zergling x2  
  153  8:18  Zergling x2  
  164  8:21  Baneling x2  
  164  8:22  Baneling x9  
  164  8:23  Hydralisk  
  166  8:27  Hydralisk x2  
  162  8:34  Hydralisk x3  
  162  8:35  Zergling x2  
  162  8:40  Hydralisk x3  
  153  8:42  Hydralisk  
  153  8:43  Zergling x2  
  153  8:44  Hydralisk  
  133  8:49  Hydralisk, Zergling x2  
  133  8:50  Zergling x4  
  133  8:55  Zergling x4  
Tags
 
Add a new tag
Caveats
  • Supply blocks, unpowered buildings, or Contaminate may cause inaccurate times.
  • Supply counts are checked every 10 seconds.